Map: 飞升艾尔 - 天梯版

Players

Cloudy

  • Race: Protoss Protoss
  • Spawn Location: 5:00

INnoVation - Winner!

  • Race: Terran Terran
  • League: Master
  • Spawn Location: 11:00

VOD

https://www.youtube.com/watch?v=xPjfAA9bqmQ

Description

스타크래프트 I & II 전 프로게이머인 크랭크의 스타크래프트 II 위주의 유튜브 채널입니다. 크랭크의 스타 II 중계 영상, 스타 II 튜토리얼 그리고 플레이 영상들이 업데이트 됩니다.

크랭크 영어 유튜브 채널: http://youtube.com/axcrank
크랭크 트위치 생방송 채널: http://twitch.tv/tvcrank

Time

  • Played on: Jan. 15, 2018, 6:22 a.m.
  • Length: 9:19
Show
View Real Time Build Order
Export as new Build Order

Cloudy Protoss 

Build Orders: 1 Gate Expand, Double Forge, Blink Stalkers, Zealot Archon 

Get SALT Encoding   

  12  0:01  Probe  
  13  0:13  Probe  
  14  0:18  Pylon  
  14  0:25  Probe  
  15  0:37  Probe (Chrono Boost)  
  15  0:38  Gateway  
  16  0:46  Probe (Chrono Boost)  
  16  0:47  Assimilator  
  17  0:51  Probe (Chrono Boost)  
  18  1:03  Probe  
  19  1:20  Nexus  
  19  1:31  Cybernetics Core  
  19  1:34  Probe  
  19  1:38  Assimilator  
  20  1:46  Pylon  
  20  1:49  Probe  
  21  2:01  Probe  
  21  2:04  Stalker (Chrono Boost)  
  24  2:09  Warp Gate  
  24  2:13  Probe  
  25  2:24  Twilight Council  
  25  2:25  Probe  
  26  2:32  Stalker  
  28  2:37  Probe (Chrono Boost)  
  28  2:38  Probe (Chrono Boost)  
  29  2:49  Probe (Chrono Boost)  
  29  2:50  Probe (Chrono Boost)  
  31  2:54  Probe (Chrono Boost)  
  31  2:55  Probe (Chrono Boost)  
  33  3:03  Probe, Blink (Chrono Boost)  
  33  3:05  Probe  
  35  3:16  Probe  
  36  3:20  Gateway  
  36  3:23  Probe (Chrono Boost)  
  37  3:27  Gateway  
  37  3:31  Probe (Chrono Boost)  
  39  3:35  Probe (Chrono Boost)  
  39  3:38  Pylon  
  39  3:40  Probe (Chrono Boost)  
  41  3:42  Probe (Chrono Boost)  
  41  3:44  Assimilator  
  41  3:45  Probe (Chrono Boost)  
  42  3:49  Probe  
  42  3:55  Probe  
  44  4:02  Probe  
  45  4:07  Probe  
  45  4:09  Nexus  
  46  4:14  Pylon  
  46  4:21  Forge  
  46  4:22  Forge  
  46  4:25  Probe x2  
  46  4:30  Stalker  
  50  4:31  Stalker  
  50  4:35  Stalker  
  54  4:41  Probe x2  
  56  4:49  Pylon  
  56  4:53  Probe x2  
  56  4:55  Robotics Facility  
  56  4:59  Protoss Ground Armor Level 1 (Chrono Boost)  
  58  5:01  Charge  
  58  5:06  Protoss Ground Weapons Level 1 (Chrono Boost)  
  58  5:08  Sentry x2  
  58  5:10  Sentry  
  58  5:12  Probe x2  
  66  5:15  Gateway  
  66  5:23  Gateway  
  66  5:25  Gateway  
  66  5:30  Probe x3  
  69  5:42  Probe x3  
  72  5:43  Gateway  
  72  5:44  Observer  
  72  5:46  Gateway  
  72  5:49  Pylon  
  73  5:54  Probe  
  73  5:55  Pylon  
  73  5:56  Probe  
  76  6:02  Pylon  
  75  6:07  Templar Archives  
  75  6:08  Zealot  
  75  6:09  Zealot x2  
  81  6:19  Zealot  
  81  6:22  Immortal  
  81  6:25  Zealot x2  
  91  6:28  Pylon  
  91  6:29  Probe  
  91  6:31  Protoss Ground Weapons Level 2 (Chrono Boost)  
  92  6:33  Pylon  
  92  6:39  Pylon  
  92  6:41  Zealot x2  
  92  6:44  Pylon  
  96  6:49  Zealot x3, High Templar  
  96  6:50  Protoss Ground Armor Level 2 (Chrono Boost)  
  104  6:55  Probe  
  104  6:57  Assimilator  
  104  6:59  Pylon  
  105  7:05  Zealot x2  
  105  7:06  Zealot  
  105  7:07  High Templar  
  113  7:11  Shield Battery  
  113  7:16  Pylon  
  113  7:18  Immortal  
  113  7:21  Archon  
  117  7:23  Pylon  
  117  7:27  Zealot x4  
  117  7:28  Zealot  
  127  7:31  Zealot x2  
  131  7:38  Pylon  
  131  7:40  Pylon  
  131  7:44  Zealot  
  131  7:48  Photon Cannon  
  131  7:50  High Templar x2  
  131  7:51  Zealot x2  
  141  7:58  Archon  
  141  8:04  Zealot x3  
  145  8:10  Immortal  
  149  8:16  Zealot x3  
  155  8:22  Nexus  
  155  8:24  Zealot x3  
  161  8:33  Zealot  
  161  8:34  Zealot  
  133  8:37  Zealot x3  
  129  8:44  Zealot x2  
  129  8:45  Zealot  
  81  8:57  Zealot x5  
  79  9:05  Zealot  
  79  9:06  Zealot x2  
Show
View Real Time Build Order
Export as new Build Order

INnoVation Terran - Winner!

Build Orders: Reaper Expand, MMM Bio 

Get SALT Encoding   

  12  0:00  SCV  
  13  0:12  SCV  
  14  0:17  Supply Depot  
  14  0:25  SCV  
  15  0:38  SCV  
  15  0:40  Barracks  
  16  0:43  Refinery  
  16  0:50  SCV  
  17  1:03  SCV  
  18  1:15  SCV  
  19  1:27  Reaper, Orbital Command  
  20  1:40  Command Center  
  20  1:48  Supply Depot  
  20  1:52  SCV  
  21  1:59  Barracks Reactor  
  21  2:05  SCV  
  22  2:17  SCV  
  22  2:22  Command Center  
  23  2:29  SCV  
  24  2:32  Barracks  
  24  2:35  Marine  
  25  2:37  Marine  
  25  2:41  SCV  
  27  2:47  Bunker  
  27  2:55  Orbital Command  
  27  2:58  SCV  
  28  3:03  Marine x2  
  30  3:10  SCV  
  30  3:12  Engineering Bay  
  31  3:20  Barracks Tech Lab  
  31  3:21  SCV  
  31  3:22  SCV, Marine x2  
  35  3:34  Orbital Command  
  35  3:35  SCV x2  
  35  3:37  Terran Infantry Weapons Level 1  
  35  3:39  Stimpack  
  37  3:44  Marine x3  
  40  3:49  SCV x2  
  40  3:55  Barracks  
  42  4:01  SCV  
  42  4:02  SCV x2  
  44  4:05  Factory  
  44  4:06  Refinery  
  44  4:07  Refinery  
  44  4:09  Marine  
  44  4:10  Marine x2  
  44  4:14  SCV x2  
  44  4:16  SCV  
  50  4:19  Supply Depot  
  50  4:26  SCV  
  50  4:27  SCV, Refinery  
  50  4:28  SCV  
  50  4:29  Marine x3  
  56  4:36  Supply Depot  
  56  4:38  SCV  
  56  4:39  SCV  
  56  4:41  SCV  
  56  4:43  Barracks Tech Lab  
  59  4:47  Marine x3  
  59  4:48  Factory Reactor  
  59  4:49  Starport  
  59  4:52  SCV x2  
  64  4:54  SCV  
  65  5:01  Barracks  
  65  5:03  Barracks, Combat Shields  
  65  5:06  Marine x2  
  67  5:11  Marauder x2  
  71  5:21  Supply Depot  
  70  5:23  Supply Depot  
  70  5:27  Marine x2  
  72  5:31  Medivac x2  
  72  5:32  Terran Infantry Armor Level 1  
  72  5:33  Factory Reactor  
  76  5:40  Marauder  
  76  5:42  Concussive Shells  
  79  5:43  Marauder  
  79  5:46  Supply Depot, Marine  
  79  5:47  Marine  
  81  5:50  Barracks Reactor, Barracks Tech Lab  
  81  5:54  Orbital Command  
  81  5:56  Supply Depot  
  81  6:05  Marauder x2, Marine x2  
  81  6:08  Medivac  
  81  6:10  Medivac  
  90  6:15  Widow Mine x2  
  93  6:19  Supply Depot  
  93  6:21  Supply Depot  
  93  6:23  Marauder, Marine  
  93  6:24  Marine  
  97  6:26  Marauder  
  97  6:27  Marauder  
  97  6:30  Supply Depot  
  101  6:37  Widow Mine x2  
  105  6:40  Marine x2  
  105  6:41  Marine x2  
  105  6:44  Supply Depot, Marauder  
  109  6:48  Marauder x2  
  109  6:50  Medivac  
  109  6:51  Medivac  
  117  6:58  Widow Mine x2  
  117  6:59  Marine x3  
  117  7:00  Marine  
  125  7:06  Marauder  
  127  7:09  Marauder x2  
  127  7:10  Supply Depot  
  127  7:12  Supply Depot  
  131  7:18  Supply Depot  
  131  7:19  Widow Mine  
  131  7:20  Widow Mine  
  135  7:24  Marine  
  135  7:25  Marine x3  
  135  7:27  Medivac  
  141  7:32  Medivac  
  141  7:34  Supply Depot  
  143  7:38  Marauder x3  
  143  7:42  Marine x2  
  143  7:43  Widow Mine, Marine x2  
  155  7:44  Widow Mine  
  157  8:01  Marauder, Marine x2  
  157  8:02  Marauder x2, Marine x2  
  167  8:06  Widow Mine x2  
  167  8:09  Supply Depot  
  167  8:11  Medivac  
  167  8:12  Supply Depot  
  173  8:26  Marine  
  173  8:27  Marine x2  
  173  8:28  Marine  
  173  8:29  Marauder  
  173  8:31  Medivac, Marauder x2  
  173  8:33  Widow Mine x2  
  169  8:45  Marine x3  
  169  8:46  Marine  
  138  8:50  Marauder  
  138  8:53  Marauder x2  
  138  8:54  Widow Mine x2  
Tags
 
Add a new tag
Caveats
  • Supply blocks, unpowered buildings, or Contaminate may cause inaccurate times.
  • Supply counts are checked every 10 seconds.